 Dungeon Crawl Stone Soup version 0.25-a0-42-g6c54e25894 (webtiles) character file.

Game seed: 12968914466441674232, levelgen mode: deterministic

4135 Chiseanne the Fighter (level 10, -6/83 HPs)
             Began as a Demonspawn Wanderer on Oct 22, 2019.
             Was an Initiate of Gozag.
             Mangled by a hornet (8 damage)
             ... on level 8 of the Dungeon.
             The game lasted 00:16:47 (7526 turns).

Chiseanne the Fighter (Demonspawn Wanderer)         Turns: 7526, Time: 00:16:48

Health: -6/83      AC:  6    Str: 14    XL:     10   Next: 6%
Magic:  10/10      EV: 14    Int: 14    God:    Gozag
Gold:   519        SH: 10    Dex: 14    Spells: 9/9 levels left

rFire    + . .     SeeInvis .   a - +1 scimitar
rCold    + . .     Gourm    .   D - +1 shield
rNeg     . . .     Faith    .   K - +1 leather armour {rC+}
rPois    .         Spirit   .   (helmet restricted)
rElec    .         Reflect  .   (no cloak)
rCorr    +         Harm     .   (no gloves)
MR       .....                  (no boots)
Stlth    +.........             (no amulet)
HPRegen  0.23/turn              g - ring of protection from fire
MPRegen  0.12/turn              u - ring of resist corrosion

@: lethally poisoned (-6 -> -18), gold aura, flying, slowed, very slow
A: horns 2, molten scales 1, spiny 3, rot immunity
a: Potion Petition, Call Merchant, Bribe Branch, Renounce Religion


You were on level 8 of the Dungeon.
You worshipped Gozag.
Gozag was pleased with you.
You were not hungry.

You visited 2 branches of the dungeon, and saw 9 of its levels.

You collected 637 gold pieces.
You paid 118 gold pieces to Gozag.

Inventory:

Hand Weapons
 a - a +1 scimitar (weapon)
 n - a +0 club
 w - a +4 hand crossbow
Missiles
 b - 36 bolts
 e - 208 stones (quivered)
 h - 115 arrows
 l - 4 boomerangs
 m - a throwing net
 B - 51 sling bullets
 E - 33 poisoned darts
Armour
 i - a +1 ring mail
 D - a +1 shield (worn)
 I - a +2 leather armour of poison resistance
 K - a +1 leather armour of cold resistance (worn)
Magical Staves
 M - an uncursed staff of earth {unknown}
Jewellery
 g - a ring of protection from fire (left hand)
 u - a ring of resist corrosion (right hand)
 G - an uncursed ring of protection from cold {unknown}
 L - an uncursed ring of wizardry {unknown}
 N - a cursed amulet of inaccuracy {unknown}
Wands
 s - a wand of acid (5)
 y - a wand of iceblast (8)
 C - a wand of polymorph (12)
 H - a wand of random effects (17)
 J - a wand of paralysis (8)
Scrolls
 j - 3 scrolls of magic mapping
 o - a scroll of teleportation
 F - a scroll of blinking
Potions
 c - a potion of curing
 k - 2 potions of heal wounds {unknown}
 p - a potion of ambrosia {unknown}
 q - 2 potions of magic
 r - a potion of mutation {unknown}
 t - a potion of lignification {unknown}
 v - 4 potions of agility
 x - a potion of haste {unknown}
 z - a potion of degeneration {unknown}
 A - 2 potions of might {unknown}
Comestibles
 f - 11 rations


   Skills:
 * Level 9.3 Fighting
 - Level 2.6 Crossbows
 - Level 5.5 Armour
 * Level 8.1 Dodging
 * Level 4.3 Shields
 - Level 1.0 Evocations


You had 9 spell levels left.
You didn't know any spells.
Your spell library contained the following spells:

 Spells                   Type           Power        Failure   Level  Hunger
 Freeze                   Ice            #...         80%         1    ##.....
 Magic Dart               Conj           #...         80%         1    ##.....
 Blink                    Tloc           N/A          91%         2    ###....
 Call Imp                 Summ           #.......     91%         2    ###....
 Slow                     Hex            #.......     91%         2    ###....
 Throw Frost              Conj/Ice       #.....       91%         2    ###....
 Conjure Flame            Conj/Fire      #.......     99%         3    ####...
 Mephitic Cloud           Conj/Pois/Air  #.......     99%         3    ####...
 Ozocubu's Armour         Chrm/Ice       #.......     99%         3    ####...
 Summon Ice Beast         Ice/Summ       #.......     100%        4    #####..
 Throw Icicle             Conj/Ice       #.......     100%        4    #####..


Dungeon Overview and Level Annotations

Branches:
Dungeon (8/15)             Temple (1/1) D:7
   Lair: D:8-11

Altars:
Elyvilon
Fedhas
Gozag
Hepliaklqana
Kikubaaqudgha
Nemelex Xobeh
Sif Muna
Trog
Uskayaw
Vehumet
Wu Jian
Xom
Zin
The Shining One

Shops:
D:4 (   D:8 (


Innate Abilities, Weirdness & Mutations

You have a pair of horns on your head.
You are partially covered in molten scales. (AC +2)
You are completely covered in sharp spines.
You are immune to rotting.


Message History

You can move again.
Unknown command.
Unknown command.
Unknown command.
Unknown command.
Unknown command.
It was a potion of flight.
You feel very buoyant.
You fly up into the air.
* * * LOW HITPOINT WARNING * * *
You feel sick. The hornet is struck by your spines.
The hornet closely misses you.
You riposte.
You closely miss the hornet.
The hornet is severely wounded.
The hornet stings you!
* * * LOW HITPOINT WARNING * * *
You feel as though you will be slow longer.
The soldier ant becomes distracted by the nearby gold, dreaming of imaginary riches.
The hornet stings you!
You die...
Your body crumbles into a pile of gold.

.## #..# ## ..# ##.###.
#.####### #.#...
#..#..... #### ###.....
#......... ##..##
#....... .........# ##
#.#...# ##......
.........# a#( #...#
#....... .........# #y#
#...###.......
........#
#..##@###...##..[.....
........#
#...........)).#......
.......##
#..............###.....
......##
#..............# ###...
#.....#
#.............## ####
##....##
#...............#
##.#..#
#..........≈≈≈≈.≈≈
####.#
#..........≈##≈.≈##
#.## ..........≈###+##


You could see a soldier ant (unaware) and a hornet.

Vanquished Creatures
  A two-headed ogre (D:8)
  A hornet (D:8)
  A hippogriff (D:7)
  A hungry ghost (D:8)
  An ice beast (D:7)
  A sky beast (D:5)
  3 black bears
  4 ogres
  A phantom (D:5)
  A necrophage (D:6)
  2 centaurs
  2 big kobolds (D:5)
  3 bullfrogs
  A scorpion (D:6)
  An electric eel (D:8)
  3 crimson imps
  2 bullfrog zombies
  4 hounds
  2 jellies
  A centaur skeleton (D:7)
  2 orc priests
  6 orc wizards
  2 bullfrog skeletons (D:5)
  Ijyb (D:3)
  An iguana (D:7)
  2 worker ants (D:8)
  2 worker ant zombies
  16 gnolls
  9 adders
  3 shadow imps (D:6)
  2 oozes (D:1)
  An adder skeleton (D:4)
  A worm (D:5)
  4 dart slugs
  4 leopard geckos
  17 orcs
  2 bat skeletons (D:2)
  4 bat zombies (D:2)
  2 giant cockroaches
  34 goblins
  23 hobgoblins
  4 jackals (D:1)
  2 quokkas
  5 bats
  3 frilled lizards
  A jackal skeleton (D:4)
  2 jackal zombies
  11 kobolds
  A leopard gecko skeleton (D:5)
  A quokka skeleton (D:4)
  A quokka zombie (D:6)
  7 rats
212 creatures vanquished.

Vanquished Creatures (collateral kills)
  An orc warrior (D:7)
  An orc wizard (D:7)
  A leopard gecko (D:7)
  2 orcs (D:7)
5 creatures vanquished.

Vanquished Creatures (others)
  A troll (D:7)
1 creature vanquished.

Grand Total: 218 creatures vanquished

Notes
Turn   | Place    | Note
-------+----------+-------------------------------------------
     0 | D:1      | Chiseanne the Demonspawn Wanderer began the quest for the
                  | Orb.
     0 | D:1      | Chiseanne set off with the following items: a +2 hand
                  | crossbow, 27 bolts, 2 potions of curing, a +0 robe, a
                  | ration
     0 | D:1      | Reached XP level 1. HP: 16/16 MP: 1/1
   118 | D:1      | Reached skill level 1 in Dodging
   118 | D:1      | Gained mutation: You are immune to rotting. [demonic
                  | ancestry]
   118 | D:1      | Reached XP level 2. HP: 16/23 MP: 2/2
   480 | D:1      | Gained mutation: You have a pair of small horns on your
                  | head. [demonic ancestry]
   480 | D:1      | Reached XP level 3. HP: 28/28 MP: 3/3
   541 | D:1      | Reached skill level 3 in Fighting
  1162 | D:2      | Reached XP level 4. HP: 35/35 MP: 4/4
  1479 | D:2      | Found an ancient bone altar of Kikubaaqudgha.
  1627 | D:2      | Found a faded altar of an unknown god.
  1820 | D:3      | Noticed Ijyb
  1829 | D:3      | Killed Ijyb
  1829 | D:3      | Reached skill level 4 in Fighting
  1829 | D:3      | Gained mutation: You are partially covered in molten
                  | scales. (AC +2) [demonic ancestry]
  1829 | D:3      | Reached XP level 5. HP: 37/42 MP: 5/5
  2557 | D:4      | Reached XP level 6. HP: 49/49 MP: 6/6
  2893 | D:4      | Found Rutruday's Weapon Emporium.
  3146 | D:5      | Entered Level 5 of the Dungeon
  3163 | D:5      | Found a hazy altar of Hepliaklqana.
  3301 | D:5      | Reached skill level 5 in Fighting
  3359 | D:5      | Noticed a sky beast
  3375 | D:5      | Gained mutation: You are partially covered in sharp spines.
                  | [demonic ancestry]
  3375 | D:5      | Reached XP level 7. HP: 4/56 MP: 7/7
  3666 | D:5      | Found an ornate altar of the Wu Jian Council.
  3710 | D:5      | Found a bloodstained altar of Trog.
  3836 | D:5      | Found a glowing silver altar of Zin.
  4380 | D:5      | Reached skill level 5 in Dodging
  4388 | D:5      | Reached skill level 6 in Fighting
  4626 | D:6      | Found a shimmering altar of Xom.
  4659 | D:6      | Gained mutation: You are mostly covered in sharp spines.
                  | [demonic ancestry]
  4659 | D:6      | Reached XP level 8. HP: 56/65 MP: 8/8
  5135 | D:6      | Reached skill level 7 in Fighting
  5428 | D:7      | Reached skill level 5 in Armour
  5641 | D:7      | Noticed a troll
  5688 | D:7      | Gained mutation: You have a pair of horns on your head.
                  | [demonic ancestry]
  5688 | D:7      | Reached XP level 9. HP: 14/73 MP: 9/9
  6266 | D:7      | Found a staircase to the Ecumenical Temple.
  6302 | D:7      | Reached skill level 8 in Fighting
  6348 | Temple   | Entered the Ecumenical Temple
  6400 | Temple   | Became a worshipper of Gozag Ym Sagoz the Greedy
  6504 | D:8      | Found a glowing golden altar of the Shining One.
  6541 | D:8      | Found Danerch's Weapon Emporium.
  6925 | D:8      | Noticed a two-headed ogre
  6936 | D:8      | Killed a two-headed ogre
  6936 | D:8      | Reached skill level 9 in Fighting
  7481 | D:8      | Gained mutation: You are completely covered in sharp
                  | spines. [demonic ancestry]
  7481 | D:8      | Reached XP level 10. HP: 83/83 MP: 10/10
  7524 | D:8      | Paralysed by a hornet for 3 turns
  7526 | D:8      | HP: 2/83 [hornet (7)]
  7526 | D:8      | Mangled by a hornet

Levels and vault maps discovered:
D:1:      psy_arrival_basics, layout_basic
D:2:      layout_basic, kennysheep_vampire_church,
          chequers_ecumenical_altar_simple, first_ration, serial_park_tiny_2,
          palyth_stone_intersect
D:3:      layout_basic, uniq_ijyb
D:4:      layout_basic, serial_shops, shop
D:5:      minmay_goblin_kobold_castle, layout_rooms, bloody_trog, zin_academy,
          nicolae_overflow_crystal_walls, basic_altar, minmay_misc_feat_rows
D:6:      layout_rooms, xom_butterflies
D:7:      layout_rooms, temple_doors_ab, grunt_ministairs_1
D:8:      layout_cave_pods, tso_metal_star, serial_shops, shop,
          hangedman_abyss_or_decor_lesser_grid, hangedman_pestilent_swarm,
          lightli_minifort
Temple:   regret_index_temple_sphere_string

Skill      XL: |  1  2  3  4  5  6  7  8  9 |
---------------+----------------------------+-----
Dodging        | 1 2 3 4 5 6 8 |  8.1
Fighting       | 3 4 5 6 7 9 |  9.3
Armour         | 3 5 |  5.5
Shields        | 4 |  4.3
Crossbows      | |  2.6
Evocations     | |  1.0

Action                   |  1- 3 |  4- 6 |  7- 9 | 10-12 || total
-------------------------+-------+-------+-------+-------++-------
Melee: Hand crossbow     |       |     2 |       |       ||     2
       Spear             |       |       |   261 |       ||   261
       Headbutt          |       |       |    51 |     1 ||    52
       Scimitar          |       |       |    25 |     7 ||    32
 Fire: Hand crossbow     |    79 |   157 |    89 |    10 ||   335
Throw: Stone             |       |     2 |     3 |       ||     5
Evoke: Wand              |       |     1 |    12 |       ||    13
  Use: Scroll            |     1 |    13 |     7 |       ||    21
       Potion            |       |     1 |       |     1 ||     2
  Eat: Chunk             |     1 |     6 |    11 |       ||    18
       Ration            |       |       |     2 |       ||     2
Armor: Robe              |     3 |       |       |       ||     3
       Ring mail         |    16 |    61 |    97 |       ||   174
       Leather armour    |       |       |    13 |     4 ||    17
Dodge: Dodged            |    30 |   123 |   194 |     6 ||   353
Block: Shield            |       |       |    31 |     7 ||    38
       Rpst.: Scimitar   |       |       |     4 |     3 ||     7

Table legend:
 A = Non-vault XP
 B = Vault XP
 C = Vault XP percentage of total XP
 D = Non-vault monster count
 E = Vault monster count
 F = Vault count percentage of total count
                 A         B        C        D         E       F
            +---------+---------+-------+---------+---------+-------
      Total |    5175 |     733 |  12.4 |     152 |      66 |  30.3
            +---------+---------+-------+---------+---------+-------
        D:1 |      65 |       0 |   0.0 |      32 |       0 |   0.0
        D:2 |     113 |      12 |   9.6 |      22 |       6 |  21.4
        D:3 |      17 |      36 |  67.9 |       3 |       1 |  25.0
        D:4 |     153 |       0 |   0.0 |      11 |       0 |   0.0
        D:5 |     395 |     409 |  50.9 |       9 |      58 |  86.6
        D:6 |     816 |       0 |   0.0 |      21 |       0 |   0.0
        D:7 |    1355 |       0 |   0.0 |      26 |       0 |   0.0
        D:8 |    2261 |     276 |  10.9 |      28 |       1 |   3.4
            +---------+---------+-------+---------+---------+-------
